 Dungeon Crawl Stone Soup version 0.25-a0-164-gb55e97dba5 (webtiles) character file.

Game seed: 9809142700057804309, levelgen mode: deterministic

3 MisterFreud the Scratcher (level 1, 0/10 HPs)
             Began as a Felid Wanderer on Nov 22, 2019.
             Slain by a jackal (2 damage)
             ... on level 1 of the Dungeon.
             The game lasted 00:00:47 (274 turns).

MisterFreud the Scratcher (Felid Wanderer)           Turns: 274, Time: 00:00:48

Health: 0/10       AC:  1    Str:  8    XL:     1   Next: 41%
Magic:  3/3        EV: 30    Int: 12    God:
Gold:   24         SH:  0    Dex: 16    Spells: 0/0 levels left
                                        Lives:  0   Deaths: 0

rFire    . . .     SeeInvis +     - Unarmed
rCold    . . .     Gourm    .   (shield unavailable)
rNeg     . . .     Faith    .   (armour unavailable)
rPois    .         Spirit   .   (helmet unavailable)
rElec    .         Reflect  .   (cloak unavailable)
rCorr    .         Harm     .   (gloves unavailable)
MR       .....                  (boots unavailable)
Stlth    ++........             f - amulet of the acrobat
HPRegen  0.03/turn              (no ring)
MPRegen  0.08/turn              (no ring)

@: acrobat, quick
A: very small, no armour, no weapons or thrown items, stealth, claws 1, fangs 3,
see invisible, carnivore, speed 1, shaggy fur 1, slow metabolism 1, sharp paws
a: no special abilities


You were on level 1 of the Dungeon.
You were full.

You visited 1 branch of the dungeon, and saw 1 of its levels.

You collected 24 gold pieces.

Inventory:

Jewellery
 f - an amulet of the acrobat (around neck)
Wands
 a - a wand of flame (15)
Scrolls
 c - 2 scrolls of teleportation
 e - 2 scrolls of amnesia {unknown}
 g - a scroll of remove curse {unknown}
 h - a scroll of fog {unknown}
 j - a scroll of identify {unknown}
Potions
 b - a potion of lignification
 i - a potion of ambrosia {unknown}
Comestibles
 d - 3 rations


   Skills:
 * Level 3.2 Fighting
 - Level 5.0 Unarmed Combat
 - Level 2.1 Evocations


You couldn't memorise any spells.
You didn't know any spells.
Your spell library was empty.

Dungeon Overview and Level Annotations

Branches:
Dungeon (1/15)

Altars:


Innate Abilities, Weirdness & Mutations

You cannot wear armour.
You are incapable of wielding weapons or throwing items.
Your paws allow you to move quietly. (Stealth)
You have sharp claws.
You have razor-sharp teeth.
You have supernaturally acute eyesight. (SInv)
You are carnivorous and can eat meat at any time.
You cover ground quickly.
You are covered in fur. (AC +1)
You have a slow metabolism.
Your sharp claws are effective at attacking unaware monsters.


Message History

Found 10 arrows.
The jackal barks! x2
You barely miss the jackal. The jackal bites you. x2
You miss the jackal. The jackal completely misses you.
You scratch the jackal but do no damage.
The jackal misses you.
You scratch the jackal but do no damage.
The jackal bites you.
* * * LOW HITPOINT WARNING * * *
The jackal bites you.
* * * LOW HITPOINT WARNING * * *
You scratch the jackal.
The jackal is moderately wounded.
The jackal misses you. The jackal closely misses you.
The jackal closely misses you.
There is a stone staircase leading down here.
The jackal completely misses you. The jackal bites you.
You die...

.............. #.#'##..........
.............. #...............
...........#..####...............
...........#.....................
.....(.....+.....#........[......
...........##..#.#.............##
...........###.#.#.............#
.......#.### #...#.............#
.......#.# #..@..............#
.......#.# #..hh.............#
.......#.#####.................#
.......#.......................#
.......#...##......#############
.........).##...........#
######.....####...>.....#
#..................#
####..........######


You could see 2 jackals.

Vanquished Creatures
  A leopard gecko (D:1)
  A giant cockroach (D:1)
2 creatures vanquished.

Notes
Turn   | Place    | Note
-------+----------+-------------------------------------------
     0 | D:1      | MisterFreud the Felid Wanderer began the quest for the Orb.
     0 | D:1      | MisterFreud set off with the following items: a wand of
                  | flame (15), a potion of lignification, a scroll of
                  | teleportation, a ration
     0 | D:1      | Reached XP level 1. HP: 10/10 MP: 3/3
   274 | D:1      | Slain by a jackal

Levels and vault maps discovered:
D:1:      minmay_arrival_statue_studded, layout_basic

Action                   || total
-------------------------++-------
Melee: Unarmed           ||     8
  Eat: Chunk             ||     2
Dodge: Dodged            ||     7

Table legend:
 A = Non-vault XP
 B = Vault XP
 C = Vault XP percentage of total XP
 D = Non-vault monster count
 E = Vault monster count
 F = Vault count percentage of total count
                 A         B        C        D         E       F
            +---------+---------+-------+---------+---------+-------
      Total |       5 |       0 |   0.0 |       2 |       0 |   0.0
            +---------+---------+-------+---------+---------+-------
        D:1 |       5 |       0 |   0.0 |       2 |       0 |   0.0
            +---------+---------+-------+---------+---------+-------
